 Dungeon Crawl Stone Soup version 0.29-a0-563-g64e4043184 (webtiles) character file.

Game seed: 3383487161550611235

146 spaghetti the Ruffian (level 5, -2/41 HPs)
             Began as a Mummy Fighter on June 12, 2022.
             Killed from afar by an orc wizard (7 damage)
             ... with a puff of flame
             ... on level 3 of the Dungeon.
             The game lasted 00:02:46 (2459 turns).

spaghetti the Ruffian (Mummy Fighter)               Turns: 2459, Time: 00:02:47

Health: -2/41      AC:  6    Str: 21    XL:     5   Next: 7%
Magic:  14/14      EV:  9    Int:  7    God:
Gold:   86         SH:  0    Dex: 12    Spells: 4/4 levels left

rFire   x . .      SeeInvis .     - Unarmed
rCold   + . .      Faith    .   b - +0 buckler
rNeg    + + +      Spirit   .   a - +0 scale mail
rPois   ∞          Reflect  .   (no helmet)
rElec   .          Harm     .   (no cloak)
rCorr   .          Rampage  .   (no gloves)
Will    .....                   (no boots)
Stlth   ..........              (no amulet)
HPRegen 0.13/turn               p - ring of magical power
MPRegen 0.14/turn               (no ring)

@: confused
A: cold resistance 1, negative energy resistance 3, torment resistance 2, heat
vulnerability 1, in touch with death 1, no potions
a: no special abilities


You were on level 3 of the Dungeon.
You visited 1 branch of the dungeon, and saw 3 of its levels.

You collected 86 gold pieces.


Innate Abilities, Weirdness & Mutations

You are immune to poison.
Your flesh is cold resistant. (rC+)
You are immune to negative energy. (rN+++)
You are immune to unholy pain and torment.
You are vulnerable to heat. (rF-)
You are in touch with the powers of death.
You do not drink.


   Skills:
 - Level 3.0 Fighting
 - Level 2.4 Armour
 - Level 2.4 Shields
 + Level 4.4 Unarmed Combat


You had 4 spell levels left.
You didn't know any spells.
Your spell library contained the following spells:

 Spells                   Type           Power      Damage    Failure   Level
 Blink                    Tloc           0%         N/A       95%         2
 Lesser Beckoning         Tloc           0%         N/A       99%         3
 Manifold Assault         Tloc           0%         N/A       100%        5
 Chain Lightning          Conj/Air       0%         N/A       100%        9
 Fire Storm               Conj/Fire      0%         5d1       100%        9
 Shatter                  Erth           0%         3d5*      100%        9

Inventory:

Hand Weapons
 c - a +0 hunting sling of freezing {sling}
   (You found it on level 1 of the Dungeon)
 d - a +0 whip {mace}
   (You took it off a kobold on level 1 of the Dungeon)
 e - a +0 club {mace}
   (You took it off a goblin on level 1 of the Dungeon)
 g - a +0 club {mace}
   (You took it off a kobold on level 1 of the Dungeon)
 h - a +0 club {mace}
   (You took it off a goblin on level 1 of the Dungeon)
 i - a +0 club {mace}
   (You took it off a goblin on level 1 of the Dungeon)
 m - a +0 short sword {short}
   (You found it on level 1 of the Dungeon)
 n - a +0 club {mace}
   (You took it off a goblin on level 2 of the Dungeon)
Missiles
 f - 73 stones (quivered) {throwing}
 j - 2 throwing nets {=f!fthrowing}
 o - 3 curare-tipped darts {=fthrowing}
Armour
 a - a +0 scale mail (worn)
 b - a +0 buckler (worn)
Jewellery
 p - a ring of magical power (left hand)
   (You found it on level 2 of the Dungeon)
Scrolls
 k - a scroll of blinking {unknown}
 l - 3 scrolls of identify {unknown}

Dungeon Overview and Level Annotations

Branches:
Dungeon (3/15)

Altars:

# #.? #.# #. #.# #.#
##. #.# #.#
...#.###.#########
#####.#.............#
.......)....#######.#
####.#)##### #.# #{#
#.# #@# #)# #.....#
#.### ####### #..<#
#.### ###


There were no monsters in sight!


Message History

You are too injured to fight recklessly!
You are too injured to fight recklessly!
You are too injured to fight recklessly!
You are too injured to fight recklessly!
You are too injured to fight recklessly!
You are too injured to fight recklessly!
You are too injured to fight recklessly!
You are too injured to fight recklessly!
You are too injured to fight recklessly!
You barely miss the orc. The orc barely misses you.
You block something's attack.
You hit the orc.
You kill the orc!
Something hits you but does no damage.
You see here a +0 short sword {short}.
You miss something. You hit something but do no damage.
Something hits you. 😕 HP[-1]
You take 1 damage, and now have 35/41 hp.
You closely miss something. Something hits you. 😕 HP[-2]
You take 2 damage, and now have 33/41 hp.
You miss something. Something hits you but does no damage.
You hit something. Something hits you. 😮 HP[-5]
You take 5 damage, and now have 28/41 hp.
You miss something. Something hits you but does no damage.
You hit something.
You hear some strange, mumbled words.
You are confused.
You completely miss something. Something hits you. 😮 HP[-2]
You take 2 damage, and now have 26/41 hp.
You can't drink.
You closely miss something.
You hear some strange, mumbled words.
You are more confused.
Unknown command.
You bump into the rock wall.
You hear some strange, mumbled words.
You are more confused. 😮 HP[+1] Unknown command.
You barely miss something. Something hits you but does no damage.
You miss something.
You hear some strange, mumbled words.
A magic dart appears from out of thin air!
The magic dart hits you. 😮 HP[-5]
You take 5 damage, and now have 22/41 hp.
You hit something. Something hits you but does no damage.
You bump into the rock wall.
Something hits you but does no damage.
You're too confused to move!
Something hits you. 😮 HP[-1]
You take 1 damage, and now have 21/41 hp.
Unknown command.
You miss something. Something hits you.
* * * LOW HITPOINT WARNING * * *
😨 HP[-2]
You take 2 damage, and now have 19/41 hp.
You bump into the rock wall.
Something hits you.
* * * LOW HITPOINT WARNING * * *
😨 HP[-4]
You take 4 damage, and now have 15/41 hp.
You completely miss something.
Something hits you but does no damage. 😨 HP[+1] You're too confused to move!
Something hits you.
* * * LOW HITPOINT WARNING * * *
😨 HP[-2]
You take 2 damage, and now have 14/41 hp.
Unknown command.
You bump into the rock wall.
Something hits you.
* * * LOW HITPOINT WARNING * * *
😨 HP[-1]
You take 1 damage, and now have 13/41 hp.
You bump into the rock wall.
Something hits you.
* * * LOW HITPOINT WARNING * * *
😱 HP[-3]
You take 3 damage, and now have 10/41 hp.
You hit something. Something completely misses you.
Unknown command.
Unknown command.
You miss something.
You hear some strange, mumbled words.
You are more confused.
Unknown command.
Unknown command.
You bump into the rock wall.
Something hits you but does no damage. 😨 HP[+1]
You bump into the rock wall.
Something hits you.
* * * LOW HITPOINT WARNING * * *
😱 HP[-6]
You take 6 damage, and now have 5/41 hp.
You're too confused to move!
You hear some strange, mumbled words.
A puff of flame appears from out of thin air!
The puff of flame hits you! The fire burns you terribly!
You die...

Skill      XL: |  1  2  3  4 |
---------------+-------------+-----
Unarmed Combat | 2 3 4 |  4.4
Fighting       | |  3.0
Armour         | |  2.4
Shields        | |  2.4

Action                   |  1- 3 |  4- 6 || total
-------------------------+-------+-------++-------
Melee: Unarmed           |   121 |    88 ||   209
Armor: Scale mail        |    66 |    27 ||    93
Dodge: Dodged            |    60 |    35 ||    95
Block: Buckler           |    26 |    12 ||    38

Levels and vault maps discovered:
D:1:      minmay_arrival_stair_chambers, layout_rooms, minmay_tetromino_i2
D:2:      layout_basic, chequers_garden, grunt_ministairs_12,
          minmay_diced_spiral, uniq_jessica
D:3:      layout_basic

Notes
Turn   | Place    | Note
-------+----------+-------------------------------------------
     0 | D:1      | spaghetti the Mummy Fighter began the quest for the Orb.
     0 | D:1      | Reached XP level 1. HP: 18/18 MP: 1/1
     0 | D:1      | magus.rc [v1.9.6]
    24 | D:1      | HP: 3/18 [goblin/+0 club (3)]
    27 | D:1      | HP: 1/18 [giant cockroach (1)]
    34 | D:1      | Reached skill level 2 in Unarmed Combat
   322 | D:1      | Reached XP level 2. HP: 24/24 MP: 2/2
   994 | D:2      | Gained mutation: You are in touch with the powers of death.
                  | [Mummy growth]
   994 | D:2      | Reached XP level 3. HP: 27/29 MP: 3/3
  1065 | D:2      | Reached skill level 3 in Unarmed Combat
  1274 | D:2      | You pick up a book of Annihilations and begin reading...
  1274 | D:2      | You add the spells Chain Lightning, Fire Storm and Shatter
                  | to your library.
  1305 | D:2      | Noticed Jessica
  1322 | D:2      | Killed Jessica
  1323 | D:2      | Reached XP level 4. HP: 23/35 MP: 4/4
  1640 | D:2      | You pick up a book of Spatial Translocations and begin
                  | reading...
  1640 | D:2      | You add the spells Blink, Lesser Beckoning and Manifold
                  | Assault to your library.
  2192 | D:3      | Reached skill level 4 in Unarmed Combat
  2424 | D:3      | Reached XP level 5. HP: 41/41 MP: 5/5
  2453 | D:3      | HP: 10/41 [something (3)]
  2458 | D:3      | HP: 5/41 [something (6)]
  2459 | D:3      | Killed from afar by an orc wizard

Vanquished Creatures
  An orc priest (D:3)
  Jessica (D:2)
  An orc wizard (D:3)
  4 dart slugs
  5 orcs
  4 ball pythons (D:1)
  2 bats
  5 endoplasms
  3 giant cockroaches
  7 goblins
  4 hobgoblins
  A quokka (D:1)
  6 kobolds
  4 rats
48 creatures vanquished.

Table legend:
 A = Non-vault XP
 B = Vault XP
 C = Vault XP percentage of total XP
 D = Non-vault monster count
 E = Vault monster count
 F = Vault count percentage of total count
                 A         B        C        D         E       F
            +---------+---------+-------+---------+---------+-------
      Total |     153 |      56 |  26.8 |      39 |       9 |  18.8
            +---------+---------+-------+---------+---------+-------
        D:1 |      36 |       4 |  10.0 |      20 |       1 |   4.8
        D:2 |      28 |      52 |  65.0 |      13 |       8 |  38.1
        D:3 |      89 |       0 |   0.0 |       6 |       0 |   0.0
            +---------+---------+-------+---------+---------+-------

Illustrated notes

Table legend:
 A = Kills in this place as a percentage of kills in entire the game.
 B = Kills by you in this place as a percentage of kills by you in the entire game.
 C = Kills by friends in this place as a percentage of kills by friends in the entire game.
 D = Other kills in this place as a percentage of other kills in the entire game.
 E = Experience gained in this place as a percentage of experience gained in the entire game.
 F = Experience gained in this place divided by the number of levels of this place that you have seen.
                   A       B       C       D       E      F
               +-------+-------+-------+-------+-------+----------------------
         Total | 100.0 | 100.0 |   N/A |   N/A | 100.0 |  69.7
       Dungeon | 100.0 | 100.0 |   N/A |   N/A | 100.0 |  69.7
               +-------+-------+-------+-------+-------+----------------------

Table legend: (Time is in decaauts)
 A = Elapsed time spent in this place.
 B = Non-inter-level travel time spent in this place.
 C = Inter-level travel time spent in this place.
 D = Time resting spent in this place.
 E = Time spent auto-exploring this place.
 F = Levels seen in this place.
 G = Mean time per level.
                   A        B        C        D        E       F      G
               +--------+--------+--------+--------+--------+-----+--------+
         Total |   2467 |   2392 |     75 |      0 |   2007 |   3 |  822.3 |
       Dungeon |   2467 |   2392 |     75 |      0 |   2007 |   3 |  822.3 |
               +--------+--------+--------+--------+--------+-----+--------+

Top non-repeatable levels by time:
     D:2: 1196 daAuts
     D:1: 987 daAuts
     D:3: 283 daAuts
